 Dungeon Crawl Stone Soup version 0.28.0-1-gb440e238dd (webtiles) character file.

Game seed: 5576457219028932511

534 hikkokomori the Digger (level 7, -2/36 HPs)
             Began as a Gargoyle Earth Elementalist on Feb 22, 2022.
             Was an Initiate of Vehumet.
             Slain by a water moccasin (6 damage)
             ... on level 5 of the Dungeon.
             The game lasted 00:13:20 (5055 turns).

hikkokomori the Digger (GrEE)                       Turns: 5055, Time: 00:13:21

Health: -2/36      AC:  8    Str: 12    XL:     7   Next: 25%
Magic:  10/13      EV: 11    Int: 17    God:    Vehumet [......]
Gold:   160        SH:  0    Dex: 10    Spells: 8/14 levels left

rFire   . . .      SeeInvis .   f - +5 dagger (venom)
rCold   + . .      Faith    .   (no shield)
rNeg    + . .      Spirit   .   o - +2 robe {rC+}
rPois   ∞          Reflect  .   (no helmet)
rElec   +          Harm     .   (no cloak)
rCorr   .          Rampage  .   (no gloves)
Will    .....                   (no boots)
Stlth   ++........              (no amulet)
HPRegen 0.12/turn               (no ring)
MPRegen 0.13/turn               (no ring)

@: no status effects
A: sickness immunity, AC +4, negative energy resistance 1, electricity
resistance, torment resistance 1, petrification resistance
a: Renounce Religion


You were on level 5 of the Dungeon.
You worshipped Vehumet.
Vehumet was noncommittal.
You visited 2 branches of the dungeon, and saw 6 of its levels.

You collected 196 gold pieces.
You spent 36 gold pieces at shops.

Inventory:

Hand Weapons
 a - a +0 dagger
 f - a +5 dagger of venom (weapon)
Missiles
 c - 96 stones
 k - 2 throwing nets
Armour
 b - a +0 robe
 g - a +0 ring mail
 o - a +2 robe of cold resistance (worn)
 q - a +0 leather armour
 u - a +0 cloak
Wands
 t - a wand of flame (14)
Scrolls
 e - a scroll of holy word {unknown}
 h - a scroll of silence {unknown}
 i - a scroll of teleportation {unknown}
 n - a scroll of magic mapping {unknown}
 p - a scroll of immolation {unknown}
 r - 2 scrolls of identify {unknown}
 s - a scroll of brand weapon {unknown}
 v - a scroll of vulnerability {unknown}
Potions
 d - a potion of mutation {unknown}
 j - a potion of magic {unknown}
 l - a potion of curing
 m - a potion of might {unknown}
 w - a potion of heal wounds {unknown}


   Skills:
 - Level 1.5 Dodging
 - Level 4.5 Stealth
 + Level 4.3 Spellcasting
 + Level 2.4 Conjurations
 - Level 0.7 Transmutations
 + Level 6.3 Earth Magic


You had 8 spell levels left.
You knew the following spells:

 Your Spells              Type           Power      Damage    Failure   Level
a - Sandblast             Erth           50%        2d12      1%          1
b - Passwall              Tmut/Erth      12%        N/A       5%          2
c - Stone Arrow           Conj/Erth      36%        3d9       8%          3

Your spell library contained the following spells:

 Spells                   Type           Power      Damage    Failure   Level
 Dazzling Flash           Conj/Hex       14%        N/A       28%         3
 Petrify                  Tmut/Erth      15%        N/A       34%         4
 Ignite Poison            Fire/Tmut/Pois 4%         N/A       38%         3
 Iskenderun's Mystic Bla  Conj/Tloc      7%         2d4       67%         4
 Anguish                  Hex/Necr       1%         N/A       83%         4
 Silence                  Hex/Air        1%         N/A       99%         5
 Starburst                Conj/Fire      3%         6d3       100%        6


Dungeon Overview and Level Annotations

Branches:
Dungeon (5/15)             Temple (1/1) D:4

Altars:
Elyvilon
Hepliaklqana
Nemelex Xobeh
Okawaru
Qazlal
Ru
Sif Muna
Trog
Uskayaw
Vehumet
Wu Jian
Xom
Zin
The Shining One

Shops:
D:2 !

Annotations:
D:3 Grinder


Innate Abilities, Weirdness & Mutations

You are immune to sickness and miasma.
Your stone body is resilient. (AC +4)
You are immune to poison.
You resist negative energy. (rN+)
You are resistant to electric shocks. (rElec)
You are resistant to unholy torment.
You are immune to petrification.


Message History

A water moccasin is nearby!
You barely miss the water moccasin. The water moccasin bites you.
You hit the water moccasin.
The water moccasin is lightly wounded.
The water moccasin bites you. The water moccasin barely misses you.
You miss the water moccasin.
The water moccasin is lightly wounded.
The water moccasin bites you.
You closely miss the water moccasin.
The water moccasin is lightly wounded.
The water moccasin bites you.
You are too injured to fight recklessly!
Casting: Sandblast (safe; 1% risk of failure)
Confirm with . or Enter, or press ? or * to list all spells.
Aiming: Sandblast (safe; 1% risk of failure)
Press: ? - help, Shift-Dir - straight line, f - water moccasin
Aim: a water moccasin (lightly wounded, 68% to hit)
The blast of sand hits the water moccasin!
The water moccasin is heavily wounded.
The water moccasin bites you. x2
* * * LOW HITPOINT WARNING * * *
Casting: Sandblast (safe; 1% risk of failure)
Confirm with . or Enter, or press ? or * to list all spells.
Aiming: Sandblast (safe; 1% risk of failure)
Press: ? - help, Shift-Dir - straight line, f/p - water moccasin
Aim: a water moccasin (heavily wounded, 68% to hit)
The blast of sand misses the water moccasin.
The water moccasin misses you.
Unknown command.
Casting: Sandblast (safe; 1% risk of failure)
Confirm with . or Enter, or press ? or * to list all spells.
Aiming: Sandblast (safe; 1% risk of failure)
Press: ? - help, Shift-Dir - straight line, f/p - water moccasin
Aim: a water moccasin (heavily wounded, 68% to hit)
The blast of sand misses the water moccasin.
The water moccasin bites you.
* * * LOW HITPOINT WARNING * * *
The water moccasin closely misses you. The water moccasin bites you.
You die...

#.........# #....
###.........# #...# # .#
......[..#####...####..
.####....#.##....<.......#
..........................
.####....#.##...$........#
.# #.##.#.# #...# ##
#....#.# ###...## #......#
#.@S...#
####.######.#....#
##)####...##.#.#
#............#...
#######..##.#....###.###
#........##.#....# .#
#...###.............
.....................
≈....≈≈≈≈≈≈≈≈≈≈≈≈≈≈≈


You could see a water moccasin.

Vanquished Creatures
  A sky beast (D:4)
  An ogre (D:4)
  A centaur zombie (D:5)
  2 orc priests (D:4)
  2 iguanas (D:4)
  A hound skeleton (D:4)
  Robin (D:2)
  4 adders
  A white imp (D:4)
  An adder skeleton (D:4)
  4 worms
  2 dart slugs
  11 orcs
  11 endoplasms
  3 giant cockroaches
  16 goblins
  13 hobgoblins
  10 jackals
  3 kobolds
  3 quokkas (D:3)
  4 ball pythons
  9 bats
  3 frilled lizards (D:1)
  7 rats
114 creatures vanquished.

Vanquished Creatures (others)
  4 plants (D:1)
4 creatures vanquished.

Grand Total: 118 creatures vanquished

Notes
Turn   | Place    | Note
-------+----------+-------------------------------------------
     0 | D:1      | hikkokomori the Gargoyle Earth Elementalist began the quest
                  | for the Orb.
     0 | D:1      | Reached XP level 1. HP: 10/10 MP: 3/3
    47 | D:1      | Got the Collected Works on the Fetching Arsonist
   256 | D:1      | Reached XP level 2. HP: 15/15 MP: 5/5
   293 | D:1      | Reached skill level 4 in Earth Magic
   874 | D:1      | Reached XP level 3. HP: 15/19 MP: 2/6
  1671 | D:2      | Noticed Robin
  1874 | D:2      | Reached XP level 4. HP: 15/24 MP: 8/8
  1884 | D:2      | Killed Robin
  2519 | D:2      | Found Kekhlijic's Distillery.
  2547 | D:2      | Bought a potion of curing for 36 gold pieces
  2657 | D:2      | Reached XP level 5. HP: 28/28 MP: 9/9
  2915 | D:3      | Reached skill level 5 in Earth Magic
  3453 | D:3      | Noticed Grinder
  3651 | D:4      | Noticed a sky beast
  3660 | D:4      | Killed a sky beast
  3661 | D:4      | Reached XP level 6. HP: 21/32 MP: 8/11
  3772 | D:4      | Found a staircase to the Ecumenical Temple.
  3789 | Temple   | Entered the Ecumenical Temple
  3846 | Temple   | Became a worshipper of Vehumet
  4235 | D:3      | Learned a level 2 spell: Passwall
  4239 | D:3      | Learned a level 3 spell: Stone Arrow
  4480 | D:4      | Reached skill level 1 in Conjurations
  4480 | D:4      | Reached skill level 6 in Earth Magic
  4606 | D:4      | Noticed a steam dragon
  4699 | D:4      | Reached XP level 7. HP: 27/36 MP: 8/13
  4941 | D:5      | Entered Level 5 of the Dungeon
  5055 | D:5      | Slain by a water moccasin

Illustrated notes

Levels and vault maps discovered:
D:1:      erik_arrival_triangle_small, layout_loops_ring, serial_bayou_pond_c,
          minmay_pentomino_p2
D:2:      layout_basic, serial_shops, nicolae_shop_hallway_plus, uniq_robin
D:3:      layout_basic, minmay_door_square, uniq_grinder
D:4:      layout_gridville, minmay_temple_entry_water_ring,
          gammafunk_ghost_stat_death
D:5:      lemuel_castle_with_subvaults [lemuel_castle_interior_carwin_2],
          layout_loops_cross, mainiacjoe_overflow_brackets
Temple:   jpeg_temple_clearing

Skill      XL: |  1  2  3  4  5  6 |
---------------+-------------------+-----
Earth Magic    | 4 5 6 |  6.3
Stealth        | 3 4 |  4.5
Spellcasting   | 3 4 |  4.3
Conjurations   | 2 |  2.4
Dodging        | |  1.5
Transmutations | |  0.7

Action                   |  1- 3 |  4- 6 |  7- 9 || total
-------------------------+-------+-------+-------++-------
Melee: Unarmed           |    32 |       |       ||    32
       Dagger            |    84 |   117 |    16 ||   217
       Punch             |     1 |       |       ||     1
 Cast: Sandblast         |    21 |    37 |    17 ||    75
 Stab: Sleeping          |     2 |     8 |       ||    10
Armor: Robe              |    46 |    32 |     8 ||    86
Dodge: Dodged            |    97 |    62 |    10 ||   169
